[Event "Team 45 45 League T49"]
[Site "Internet Chess Club"]
[Date "2011.06.07"]
[Round "4"]
[White "TerryMalloy"]
[Black "MikeA"]
[Result "1/2-1/2"]
[WhiteElo "1964"]
[BlackElo "2182"]
[Opening "Sicilian: Nimzovich-Rossolimo attack (with ...g6, without ...d6)"]
[ECO "B31"]
[Time "21:09:10"]
[TimeControl "2700+45"]

1. e4 c5 2. Nf3 Nc6 3. Bb5 g6 4. Bxc6 dxc6 5. h3 Bg7 6. d3 Nf6 7. Nc3 O-O 8. Bf4
Nh5 9. Be3 b6 10. Qd2 e5 11. O-O Be6 12. g4 Nf6 13. Nxe5 Nxe4 14. Nxe4 Bxe5 15.
Rae1 f5 16. Ng5 Bc8 17. Bxc5 Re8 18. Be3 fxg4 19. hxg4 Bxg4 20. b3 Bf6 21. f4
Bf5 22. Qh2 h5 23. Qg2 Qd7 24. Ne4 Bg7 25. Bd2 Rad8 26. Rf2 h4 27. Rfe2 h3 28.
Qg5 Re6 29. Bc3 Bxc3 30. Nxc3 Rxe2 31. Rxe2 Re8 32. Ne4 Qd4+ 33. Kh2 Kg7 34. Qg1
Qxg1+ 35. Kxg1 a5 36. Kh2 b5 37. Ng3 Rxe2+ 38. Nxe2 Bg4 39. Nd4 Bd7 40. Nf3 Kf6
41. Kg3 Kf5 42. Nh4+ Kf6 43. Nf3 Kf5 44. Nd4+ Kf6 45. Nf3 {Game drawn by
repetition} 1/2-1/2

[Event "Team 45 45 League T49"]
[Site "Internet Chess Club"]
[Date "2011.06.07"]
[Round "4"]
[White "livis"]
[Black "frank001"]
[Result "1-0"]
[WhiteElo "1990"]
[BlackElo "1618"]
[Opening "Alekhine's defense: Scandinavian variation"]
[ECO "B02"]
[Time "17:00:08"]
[TimeControl "2700+45"]

1. e4 Nf6 2. Nc3 d5 3. e5 Ne4 4. d4 Nxc3 5. bxc3 c5 6. Bb5+ Nc6 7. Ne2 Bg4 8. f3
Bf5 9. O-O e6 10. Bd3 Bxd3 11. Qxd3 c4 12. Qe3 Be7 13. f4 g6 14. Qg3 Bh4 15. Qg4
h5 16. Qf3 O-O 17. g4 hxg4 18. Qxg4 Kg7 19. f5 exf5 20. Rxf5 Rh8 21. Be3 Ne7 22.
Rf3 Qc8 23. Qg2 Nf5 24. Raf1 Kf8 25. Nf4 Qc6 26. e6 g5 27. Nxd5 Qxd5 28. Rxf5
Qxe6 29. Rxf7+ Qxf7 30. Rxf7+ Kxf7 31. Qxb7+ Kg6 32. Qc6+ Kh5 33. Qxc4 Rae8 34.
Qf7+ Kh6 35. Qf6+ Kh5 36. Qf3+ Kh6 37. Qh3 Kh5 38. Bf2 Rhf8 39. Bxh4 gxh4 40.
Qd3 Rg8+ 41. Kf2 Rgf8+ 42. Kg2 a6 43. d5 Re7 44. d6 Rg7+ 45. Kh3 Rgf7 46. Qd1+
Kg5 47. d7 {Black resigns} 1-0

[Event "Team 45 45 League T49"]
[Site "Internet Chess Club"]
[Date "2011.06.04"]
[Round "4"]
[White "sombragris35"]
[Black "MtzKid"]
[Result "1/2-1/2"]
[WhiteElo "1756"]
[BlackElo "1742"]
[Opening "French: Fort Knox variation"]
[ECO "C03"]
[Time "13:00:28"]
[TimeControl "2700+45"]

1. e4 e6 2. d4 d5 3. Nd2 dxe4 4. Nxe4 Bd7 5. Nf3 Bc6 6. Bd3 Nd7 7. O-O Ngf6 8.
Ng3 Be7 9. c4 O-O 10. b3 Bxf3 11. Qxf3 c6 12. Bb2 a5 13. a4 Qc7 14. Rad1 Rad8
15. Rfe1 Bb4 16. Re2 Rfe8 17. Bc2 Nf8 18. Nh5 Nxh5 19. Qxh5 Ng6 20. g3 Rd7 21.
Qf3 Red8 22. h4 Nf8 23. h5 h6 24. Kg2 Nh7 25. Qd3 Nf8 26. Qf3 Nh7 27. Qd3 Nf8
28. Qf3 Nh7 {Game drawn by repetition} 1/2-1/2

[Event "Team 45 45 League T49"]
[Site "Internet Chess Club"]
[Date "2011.06.03"]
[Round "4"]
[White "Monsieur"]
[Black "MasterOfTheKeys"]
[Result "1/2-1/2"]
[WhiteElo "1538"]
[BlackElo "1646"]
[Opening "Sicilian"]
[ECO "B50"]
[Time "20:03:43"]
[TimeControl "2700+45"]

1. e4 c5 2. Nf3 d6 3. Bc4 e6 4. O-O a6 5. a4 Nf6 6. d3 Nc6 7. Nc3 Be7 8. Re1 b6
9. e5 dxe5 10. Nxe5 Nxe5 11. Rxe5 Bb7 12. Bg5 Qc7 13. f4 Qc6 14. Ne4 Nxe4 15.
Rxe4 Bxg5 16. fxg5 O-O 17. Qe2 Rfe8 18. Rf1 b5 19. axb5 axb5 20. Qf3 bxc4 21.
Qxf7+ Kh8 22. h4 cxd3 23. cxd3 c4 24. h5 Qc5+ 25. d4 Qe7 26. Ref4 Qxf7 27. Rxf7
Bd5 28. h6 gxh6 29. gxh6 Rg8 30. R1f2 Ra1+ 31. Kh2 Raa8 32. Rd7 Raf8 33. Rxf8
Rxf8 34. g4 Rg8 35. Kg3 Rf8 36. Re7 Rf3+ 37. Kh4 Rf8 38. Rd7 Kg8 39. Rg7+ Kh8
40. Rd7 Bc6 41. Rc7 Bd5 42. Rd7 Re8 43. Kg5 Rg8+ 44. Kf6 Rxg4 45. Kf7 Rg8 46.
Ke7 Rb8 47. Kf6 Rg8 48. Kf7 Rb8 {Game drawn by mutual agreement} 1/2-1/2

[Event "Team 45 45 League T49"]
[Site "Internet Chess Club"]
[Date "2011.06.04"]
[Round "4"]
[White "alexping"]
[Black "Gregorio"]
[Result "0-1"]
[WhiteElo "1925"]
[BlackElo "2041"]
[Opening "Queen's Indian: 4.Nc3, main line"]
[ECO "E13"]
[Time "08:23:07"]
[TimeControl "2700+45"]

1. d4 Nf6 2. c4 e6 3. Nc3 Bb4 4. Nf3 b6 5. Bg5 h6 6. Bh4 Bb7 7. e3 O-O 8. Bd3 c5
9. a3 cxd4 10. axb4 dxc3 11. bxc3 d6 12. Qe2 e5 13. Bxf6 Qxf6 14. e4 Nc6 15. O-O
Ne7 16. Ne1 Ng6 17. g3 Qg5 18. Ng2 Kh8 19. h4 Qd8 20. Ne3 a5 21. Nf5 Ne7 22.
Nxe7 Qxe7 23. Qe3 Rfb8 24. f4 exf4 25. Qxf4 f6 26. Rfe1 Qe5 27. Qxe5 dxe5 28.
Kf2 Rc8 29. Reb1 Bc6 30. b5 Bd7 31. Ra4 Be6 32. Ke3 Rc7 33. c5 Rxc5 34. c4 Rd8
35. Rc1 Rd4 36. Rc2 Kg8 37. Be2 Kf7 38. Rd2 Rxd2 39. Kxd2 f5 40. exf5 Bxf5 41.
Ra1 Be6 42. Kc3 Bd7 43. Bf3 Ke7 44. Rb1 Be6 45. Be2 Rc8 46. Re1 Kd6 47. Rd1+ Kc5
48. Bf3 Bxc4 49. Bg4 Rc7 50. Bf3 a4 51. Bc6 a3 52. Re1 Re7 53. Re4 Bxb5 54. Bxb5
Kxb5 55. Rb4+ Kc5 56. Ra4 Rf7 57. Rc4+ Kd5 58. Rg4 Rf3+ 59. Kc2 g5 60. hxg5 h5
61. Rb4 Rxg3 62. Rb5+ Ke4 63. Rxb6 Kf5 64. Rb5 h4 65. g6 h3 66. Rb8 Rxg6 67. Rh8
Rg2+ 68. Kb1 h2 {White resigns} 0-1

[Event "Team 45 45 League T49"]
[Site "Internet Chess Club"]
[Date "2011.06.05"]
[Round "4"]
[White "MeanMrMustard"]
[Black "Troparion"]
[Result "0-1"]
[WhiteElo "1820"]
[BlackElo "1823"]
[Opening "Scandinavian (center counter) defense"]
[ECO "B01"]
[Time "20:03:38"]
[TimeControl "2700+45"]

1. e4 d5 2. exd5 Qxd5 3. Nc3 Qa5 4. d4 Nf6 5. Bc4 Bf5 6. Bd2 c6 7. Nd5 Qd8 8.
Nxf6+ gxf6 9. c3 e6 10. Bf4 Nd7 11. Ne2 Nb6 12. Bd3 Bg6 13. h4 Nd5 14. Bg3 Bh5
15. Qb3 Qb6 16. Nf4 Nxf4 17. Bxf4 Bg6 18. Bc4 O-O-O 19. Qxb6 axb6 20. f3 h5 21.
a4 e5 22. dxe5 fxe5 23. Bxe5 Re8 24. f4 f6 {White resigns} 0-1

[Event "Team 45 45 League T49"]
[Site "Internet Chess Club"]
[Date "2011.06.07"]
[Round "4"]
[White "misuc56"]
[Black "ghostfire"]
[Result "0-1"]
[WhiteElo "1823"]
[BlackElo "1718"]
[Opening "QGD Slav defense"]
[ECO "D10"]
[Time "18:00:09"]
[TimeControl "2700+45"]

1. d4 d5 2. c4 c6 3. e3 Nf6 4. h3 Bf5 5. Nc3 dxc4 6. Bxc4 e6 7. Nf3 Be7 8. O-O
O-O 9. a3 h6 10. b4 Nbd7 11. Bb2 Qc7 12. Rc1 Rfd8 13. Qe1 b5 14. Be2 Qb6 15. Nh2
a5 16. Ra1 axb4 17. axb4 Bxb4 18. Qc1 Rxa1 19. Qxa1 Nd5 20. Nxd5 exd5 21. g4 Bh7
22. Qa2 Qb7 23. Ra1 Nb6 24. Nf3 Ra8 25. Qb3 Bd6 26. Rxa8+ Qxa8 27. Ne5 f6 28.
Nf3 Nc4 29. Bc1 Qa1 30. Qd1 b4 31. Nd2 Nxd2 32. Bxd2 Qa2 33. Kf1 b3 34. Bc3 b2
35. Bxb2 Qxb2 36. Qa4 Qb1+ 37. Kg2 Qc2 38. Qa6 Be4+ 39. Bf3 Bxf3+ 40. Kxf3 Qe4+
41. Ke2 Qe8 42. Qd3 Kf7 43. f3 Qb8 44. Qc2 Qb5+ 45. Qd3 Qxd3+ 46. Kxd3 c5 47.
dxc5 Bxc5 48. f4 f5 49. gxf5 Kf6 50. e4 dxe4+ 51. Kxe4 Bd6 {White resigns} 0-1

[Event "Team 45 45 League T49"]
[Site "Internet Chess Club"]
[Date "2011.06.04"]
[Round "4"]
[White "Frankly"]
[Black "rubo"]
[Result "0-1"]
[WhiteElo "1762"]
[BlackElo "1756"]
[Opening "Caro-Kann: classical variation"]
[ECO "B18"]
[Time "14:31:45"]
[TimeControl "2700+45"]

1. e4 c6 2. d4 d5 3. Nc3 dxe4 4. Nxe4 Bf5 5. Ng3 Bg6 6. Nf3 Nd7 7. Bd3 Bxd3 8.
Qxd3 Qc7 9. O-O e6 10. Re1 Be7 11. Bd2 Ngf6 12. Re2 O-O 13. Rae1 Rfe8 14. h3
Rad8 15. Qc4 Nd5 16. Ne4 h6 17. a3 N7f6 18. Ne5 Nxe4 19. Rxe4 Bd6 20. Qd3 Nf6
21. Rh4 Bxe5 22. Rxe5 Qxe5 23. dxe5 Rxd3 24. cxd3 Nd7 25. Bc3 c5 26. d4 Rc8 27.
dxc5 Rxc5 28. Rd4 Nxe5 29. Rd8+ Kh7 30. f4 Nc4 31. Rd7 Kg6 32. Rxb7 Nxa3 33. Bb4
Rc1+ 34. Kh2 Nc4 35. Rc7 Rc2 36. b3 Ne3 37. Rxc2 Nxc2 38. Bc5 a6 39. g4 f5 40.
Kg3 Ne1 41. Bb4 Nd3 42. Bc3 Nc5 43. Kf3 Nxb3 44. Ke3 Nc5 45. Bb4 Nb3 46. Bc3 a5
47. Bb2 a4 48. gxf5+ exf5 49. h4 h5 50. Kd3 Kf7 51. Kc4 Nd2+ 52. Kb4 Nf3 53.
Kxa4 Nxh4 54. Be5 Ng6 55. Bd4 Nxf4 56. Bg1 h4 57. Kb5 g5 58. Kc4 Kg6 59. Bh2 Ne2
60. Kd3 Ng3 61. Bg1 f4 62. Kd2 Kf5 63. Ke1 Kg4 64. Kf2 h3 65. Bh2 Ne4+ 66. Kg1
Nd2 67. Kh1 Kf3 68. Bg1 g4 69. Kh2 Ke2 70. Ba7 Kf1 71. Kh1 Nf3 72. Bf2 Ne1 73.
Bg3 f3 74. Bh4 Nd3 75. Bg3 f2 76. Bxf2 Nxf2+ 77. Kh2 g3+ 78. Kxg3 Kg1 {White
resigns} 0-1